cohdb
Replays
Latest Replays
All Replays
Popular Replays
Top Player Replays
Match Explorer
How It Works
Community
CoH3 Stats
Reddit
Sign in to upload your games and track your stats! →
Sign in with Steam
Match 41396329
Unlisted
Match 41396329
Overview
Messages
Build Orders
End
Panzergrenadier Squad
250 Light Carrier
Panzergrenadier Squad
Panzergrenadier Squad
Construct Light Support Kompanie
Assault Mechanized Group
Construct Mechanized Kompanie
Selects Armored Support Battlegroup
Selects Superior Fire Drills
Marder III Tank Destroyer
Selects Flammpanzer III Medium Tank
Flammpanzer III Medium Tank
Marder III Tank Destroyer
NO.2
AshCo Dismas
熊猫Real tiger
子清
STALKER4732
SoyaLors
ezh
Devochkin
0
0
Comments
sign in to comment!
No comments posted yet!